 Dungeon Crawl Stone Soup version 0.22.1-6-g1668fe2c40 (webtiles) character file.

1002 Jerry the Skirmisher (level 8, -17/63 HPs)
             Began as a Demonspawn Chaos Knight on Jan 19, 2019.
             Demolished by an orc warrior
             ... wielding a +0 halberd
              (22 damage)
             ... on level 5 of the Dungeon.
             The game lasted 00:11:49 (5389 turns).

Jerry the Skirmisher (Demonspawn Chaos Knight)      Turns: 5389, Time: 00:11:49

Health: -17/63     AC: 10    Str: 15    XL:     8   Next: 0%
Magic:  0/8        EV: 13    Int: 14    God:    Xom [....*.]
Gold:   273        SH:  0    Dex: 12    Spells: 6/7 levels left

rFire    . . .     SeeInvis .   o - +0 mace (crush)
rCold    . . .     Gourm    .   (no shield)
rNeg     . . .     Faith    .   b - +2 leather armour
rPois    +         Spirit   +   (helmet restricted)
rElec    .         Reflect  .   n - +0 cloak
rCorr    .         Harm     .   (no gloves)
MR       ++...                  k - +1 pair of boots
Stlth    ++........             u - amulet of guardian spirit
HPRegen  0.20/turn              j - ring of wizardry
MPRegen  0.11/turn              (no ring)

@: very slightly contaminated
A: claws 2, horns 1, magic resistance 2, nightstalker 1, sense surroundings 1,
poison resistance, powered by death 2, shaggy fur 1, evolution 1
a: Renounce Religion


You were on level 5 of the Dungeon.
You worshipped Xom.
You were a beloved toy of Xom.
You were hungry.

You visited 1 branch of the dungeon, and saw 6 of its levels.

You collected 273 gold pieces.

Inventory:

Hand Weapons
 a - a +0 mace of chaos
 e - a +4 quarterstaff of chaos
 o - a +0 mace of crushing (weapon)
Armour
 b - a +2 leather armour (worn)
 k - a +1 pair of boots (worn)
 n - a +0 cloak (worn)
Jewellery
 j - a ring of wizardry (left claw)
 u - an amulet of guardian spirit (around neck)
Wands
 f - a wand of random effects (21)
Scrolls
 d - 2 scrolls of immolation
 g - 3 scrolls of blinking
 i - 4 scrolls of magic mapping
 l - 7 scrolls of identify
 m - 3 scrolls of teleportation
 q - a scroll of fear
 s - a scroll of remove curse
Potions
 t - a potion of flight
Comestibles
 c - 12 rations
 p - 2 chunks of flesh


   Skills:
 + Level 5.4 Fighting
 + Level 5.0 Maces & Flails
 + Level 4.5 Armour
 + Level 4.1 Dodging


You had 6 spell levels left.
You knew the following spells:

 Your Spells              Type           Power        Failure   Level  Hunger
a - Summon Small Mammal   Summ           #...         14%         1    ##.....

Your spell library contained the following spells:

 Spells                   Type           Power        Failure   Level  Hunger
 Animate Skeleton         Necr           N/A          14%         1    ##.....
 Apportation              Tloc           #.....       14%         1    ##.....
 Beastly Appendage        Tmut           #.....       14%         1    ##.....
 Confusing Touch          Hex            #.....       14%         1    ##.....
 Sticks to Snakes         Tmut           #.......     21%         2    ###....
 Spider Form              Tmut/Pois      #.........   38%         3    ####...
 Ice Form                 Ice/Tmut       #.......     77%         4    #####..
 Blade Hands              Tmut           #.........   98%         5    ######.


Dungeon Overview and Level Annotations

Branches:
Dungeon (6/15)
 Temple: D:4-7

Altars:
Elyvilon
Fedhas
Kikubaaqudgha
Qazlal
Xom


Innate Abilities, Weirdness & Mutations

You have very sharp fingernails.
You are slightly more attuned to the shadows.
You regenerate health from kills.
You have a pair of small horns on your head.
You are highly resistant to hostile enchantments. (MR++)
You passively map a small area around you.
Your system is resistant to poisons. (rPois)
You are covered in fur. (AC +1)
You evolve.


Message History

Your bat hits the orc warrior but does no damage.
You hit the orc warrior but do no damage.
The orc warrior is moderately wounded.
Your bat barely misses the orc warrior.
The orc warrior barely misses you.
You closely miss the orc warrior. You headbutt the orc warrior!
The orc warrior is severely wounded.
Your bat closely misses the orc warrior.
The orc warrior hits you with a halberd!
* * * LOW HITPOINT WARNING * * *
You hit the orc warrior but do no damage.
Your headbutt misses the orc warrior.
The orc warrior is severely wounded.
Your bat hits the orc warrior but does no damage.
The orc warrior closely misses you.
You closely miss the orc warrior.
The orc warrior is severely wounded.
Your bat barely misses the orc warrior.
The orc warrior hits you with a halberd!!
You die...
Xom snickers!

..# ##...#########.....# ###
##...##.# #.....##**** .##
#...##.#####.......,,,** ..#
##...#...........##**,,* #.#
#...#...########## **,#
..######...#...####8###8###*.#
###รท..........###8.(.8...8##.#
............>..##.........##.#
####...........#@........._#.#
##.>..........###ob.......####
...##..........##8...8...8###
..###..........####8###8###
#..#####...##..###### ###
##.......#.##....#
#######...##....# #.#.......#
#.....#####


You could see an orc warrior and a friendly bat.

Vanquished Creatures
  Grinder (D:5)
  Duvessa (D:4)
  A phantom (D:4)
  A sky beast (D:5)
  Dowan (D:4)
  A howler monkey (D:4)
  Crazy Yiuf (D:4)
  2 hounds (D:5)
  An orc wizard (D:4)
  7 adders
  An ooze (D:4)
  2 worms (D:2)
  2 dart slugs (D:1)
  4 orcs
  A ball python (D:1)
  3 giant cockroaches
  6 goblins
  8 hobgoblins
  6 jackals
  2 quokkas
  8 bats
  2 frilled lizards
  A jackal zombie (D:5)
  7 kobolds
  4 rats
74 creatures vanquished.

Vanquished Creatures (collateral kills)
  An ice beast (D:5)
  An ogre (D:4)
2 creatures vanquished.

Grand Total: 76 creatures vanquished

Notes
Turn   | Place    | Note
-------+----------+-------------------------------------------
     0 | D:1      | Jerry the Demonspawn Chaos Knight began the quest for the
                  | Orb.
     0 | D:1      | Reached XP level 1. HP: 18/18 MP: 1/1
   101 | D:1      | Reached skill level 1 in Dodging
   159 | D:1      | XOM: harmless Pois miscast
   162 | D:1      | Gained mutation: You are slightly more attuned to the
                  | shadows. [demonic ancestry]
   162 | D:1      | Reached XP level 2. HP: 18/24 MP: 2/2
   330 | D:1      | XOM: smoke on damage
   718 | D:1      | XOM: god gift: scroll labeled YFAESHR TENI {god gift}
   758 | D:2      | XOM: noise
   798 | D:2      | XOM: harmless Chrm miscast
   873 | D:2      | Reached XP level 3. HP: 12/29 MP: 3/3
  1020 | D:2      | XOM: divination: detect items
  1260 | D:2      | XOM: scenery: create altars
  1575 | D:2      | Gained mutation: Your system is resistant to poisons.
                  | (rPois) [potion of mutation]
  1575 | D:2      | Gained mutation: You evolve. [potion of mutation]
  1576 | D:2      | HP: 1/29 [poisoned by an adder]
  2150 | D:3      | Gained mutation: You have sharp fingernails. [demonic
                  | ancestry]
  2150 | D:3      | Reached XP level 4. HP: 25/35 MP: 4/4
  2457 | D:3      | Found a white marble altar of Elyvilon.
  2522 | D:3      | XOM: 6-stop teleportation journey
  2649 | D:3      | XOM: harmless Tloc miscast
  2729 | D:3      | XOM: harmless Conj miscast
  2952 | D:4      | Found a blossoming altar of Fedhas.
  3054 | D:4      | Noticed an ogre
  3059 | D:4      | XOM: summons 4 friendly demons
  3063 | D:4      | Killed an ogre
  3063 | D:4      | Gained mutation: You regenerate a little health from kills.
                  | [demonic ancestry]
  3063 | D:4      | Reached XP level 5. HP: 26/42 MP: 5/5
  3205 | D:4      | Noticed a phantom
  3242 | D:4      | XOM: blink monster(s)
  3406 | D:4      | XOM: divination: detect creatures
  3408 | D:4      | XOM: scenery: create altars
  3500 | D:4      | XOM: enchant monster (good)
  3696 | D:4      | XOM: potion effect (berserk rage)
  3803 | D:4      | Found a runed door.
  3807 | D:4      | Noticed Crazy Yiuf
  3811 | D:4      | XOM: butterfly on damage
  3815 | D:4      | Killed Crazy Yiuf
  3815 | D:4      | Gained mutation: You regenerate health from kills. [demonic
                  | ancestry]
  3815 | D:4      | Reached XP level 6. HP: 15/48 MP: 6/6
  4234 | D:4      | Found an ancient bone altar of Kikubaaqudgha.
  4234 | D:4      | XOM: 3-stop teleportation journey
  4240 | D:4      | Found a stormy altar of Qazlal.
  4253 | D:4      | Gained mutation: You are covered in fur. (AC +1)
                  | [evolution]
  4301 | D:4      | Noticed Duvessa
  4301 | D:4      | Noticed Dowan
  4316 | D:4      | Killed Duvessa
  4325 | D:4      | Killed Dowan
  4325 | D:4      | Gained mutation: You have very sharp fingernails. [demonic
                  | ancestry]
  4325 | D:4      | Reached XP level 7. HP: 22/55 MP: 7/7
  4517 | D:5      | Entered Level 5 of the Dungeon
  4517 | D:5      | Noticed Grinder
  4527 | D:5      | XOM: potion effect (berserk rage)
  4541 | D:5      | Paralysed by Grinder for 5 turns
  4567 | D:5      | XOM: smoke on damage
  4576 | D:5      | Killed Grinder
  4576 | D:5      | Reached skill level 5 in Fighting
  4934 | D:5      | Learned a level 1 spell: Summon Small Mammal
  4985 | D:5      | XOM: summons friendly quasit
  5007 | D:5      | XOM: polymorph quasit -> shadow imp
  5101 | D:5      | XOM: give mutations
  5101 | D:5      | Gained mutation: You passively map a small area around you.
                  | [Xom's grace]
  5101 | D:5      | Gained mutation: You have a pair of small horns on your
                  | head. [Xom's grace]
  5101 | D:5      | Gained mutation: You are resistant to hostile enchantments.
                  | (MR+) [Xom's grace]
  5101 | D:5      | Gained mutation: You are highly resistant to hostile
                  | enchantments. (MR++) [Xom's grace]
  5171 | D:5      | Reached skill level 5 in Maces & Flails
  5171 | D:5      | Reached XP level 8. HP: 56/63 MP: 8/8
  5191 | D:5      | Found a shimmering altar of Xom.
  5216 | D:6      | XOM: scenery: 1 doors close
  5224 | D:5      | XOM: cloud trail
  5389 | D:5      | Demolished by an orc warrior

Skill      XL: |  1  2  3  4  5  6  7 |
---------------+----------------------+-----
Dodging        | 1 2 3 4 |  4.1
Armour         | 2 3 4 |  4.5
Maces & Flails | 3 4 5 |  5.0
Fighting       | 4 5 |  5.4

Action                   |  1- 3 |  4- 6 |  7- 9 || total
-------------------------+-------+-------+-------++-------
Melee: Mace              |   128 |   126 |    75 ||   329
       Quarterstaff      |       |    35 |       ||    35
       Headbutt          |       |       |     3 ||     3
 Cast: Summon Small Mamm |       |       |     6 ||     6
  Use: Scroll            |     1 |     4 |     6 ||    11
       Potion            |     3 |     1 |       ||     4
 Stab: Sleeping          |     1 |     3 |       ||     4
       Paralysed         |     1 |       |       ||     1
       Petrified         |       |     8 |       ||     8
  Eat: Chunk             |     4 |     3 |     4 ||    11
       Ration            |       |     1 |       ||     1
Armor: Leather armour    |    98 |    63 |    31 ||   192
Dodge: Dodged            |   135 |   102 |    42 ||   279
